| TOP OF THE 1ST |
|
Ohio State University Buckeyes batting - Pitching for Oklahoma State University Cowboys : RHP Paul Furst
|
|
Pitching: RHP Paul Furst
|
|
|
Batting: LHB Adam Simpson
|
0-0: Ball 1-0: Foul Ball, location: 2F 1-1: Ball 2-1: Foul Ball, location: 2F 2-2: Foul Ball, location: 2F 2-2: Ball 3-2: Foul Ball, location: 2F 3-2: Foul Ball, location: 2F 3-2: Foul Ball, location: 2F 3-2: Base on Balls
|
|
Batting: RHB Jacob Carrano
|
0-0: Ball 1-0: Ball 2-0: Ball 3-0: Called Strike 3-1: Base on Balls Adam Simpson to second
|
|
Batting: LHB Tony Abascal
|
0-0: Called Strike 0-1: Called Strike 0-2: Strikes out looking
|
|
Batting: LHB Zach Brandt
|
0-0: Ball 1-0: Foul Ball, location: 2F 1-1: Swinging Strike 1-2: Ball 2-2: Hit by Pitch Adam Simpson to third Jacob Carrano to second
|
|
Batting: LHB Anthony Ross
|
0-0: Called Strike 0-1: Ball 1-1: Foul Ball, location: 2F 1-2: SINGLE (Groundball, 34D, EV 100.6 MPH) Adam Simpson scores Jacob Carrano to third Zach Brandt to second Runner from 3rd tries for Home, SAFE, throw by RF to home
|
|
Batting: RHB Masatoshi Mori
|
0-0: Ball 1-0: Ball 2-0: Called Strike 2-1: DOUBLE (Line Drive, 9LM, EV 101.9 MPH) Zach Brandt scores Anthony Ross to third Runner from 3rd tries for Home, SAFE, throw by RF to home
|
|
Batting: RHB David Guillen
|
0-0: Ball 1-0: Ball 2-0: Ball 3-0: Called Strike 3-1: Base on Balls
|
|
Batting: RHB Bo Wu
|
0-0: 3-RUN HOME RUN (Flyball, 9D, EV 101.9 MPH), Distance : 394 ft
|
|
Pitching: RHP Brendan Best
|
|
|
Batting: LHB Ben Callaway
|
0-0: Foul Ball, location: 2F 0-1: Foul Ball, location: 2F 0-2: Ball 1-2: Foul Ball, location: 2F 1-2: Ball 2-2: Ball 3-2: Strikes out swinging
|
|
Batting: LHB Adam Simpson
|
0-0: Called Strike 0-1: Swinging Strike 0-2: Ball 1-2: Ball 2-2: Ball 3-2: Foul Ball, location: 2F 3-2: Foul Ball, location: 2F 3-2: Fly out, F6 (Popup, 4M, EV 56.9 MPH)
|
| Top of the 1st over - 7 runs, 3 hits, 0 errors, 0 left on base; Ohio State University 7 - Oklahoma State University 0 |
| BOTTOM OF THE 1ST |
|
Oklahoma State University Cowboys batting - Pitching for Ohio State University Buckeyes : RHP Dan Herwig
|
|
Pitching: RHP Dan Herwig
|
|
|
Batting: RHB Simon Gravitt
|
0-0: Ball 1-0: Foul Ball, location: 2F 1-1: Ball 2-1: Fly out, F9 (Line Drive, 9S, EV 90.0 MPH)
|
|
Batting: LHB Dwayne Roche
|
0-0: Ball 1-0: Called Strike 1-1: Swinging Strike 1-2: Ball 2-2: Ground out U3 (Groundball, 3, EV 101.2 MPH)
|
|
Batting: LHB Kyle David
|
0-0: Ball 1-0: Swinging Strike 1-1: Foul Ball, location: 2F 1-2: Ball 2-2: Ground out 6-3 (Groundball, 6, EV 101.9 MPH)
|
| Bottom of the 1st over - 0 runs, 0 hits, 0 errors, 0 left on base; Ohio State University 7 - Oklahoma State University 0 |
| TOP OF THE 2ND |
|
Ohio State University Buckeyes batting - Pitching for Oklahoma State University Cowboys : RHP Brendan Best
|
|
Batting: RHB Jacob Carrano
|
0-0: Called Strike 0-1: Ball 1-1: Called Strike 1-2: Ball 2-2: Foul Ball, location: 2F 2-2: Foul Ball, location: 2F 2-2: Foul Ball, location: 2F 2-2: SINGLE (Line Drive, 8RS, EV 95.0 MPH)
|
|
Batting: LHB Tony Abascal
|
0-0: Ball 1-0: Fly out, F9 (Flyball, 9LS, EV 93.1 MPH)
|
|
Batting: LHB Zach Brandt
|
0-0: Called Strike 0-1: SINGLE (Groundball, 6S, EV 66.2 MPH) (infield hit) Jacob Carrano to second
|
|
Batting: LHB Anthony Ross
|
0-0: Ball 1-0: Fly out, F6 (Popup, 6M, EV 60.6 MPH)
|
|
Batting: RHB Masatoshi Mori
|
0-0: Called Strike 0-1: Called Strike 0-2: Ball 1-2: Ground out 5-3 (Groundball, 5L, EV 85.0 MPH)
|
| Top of the 2nd over - 0 runs, 2 hits, 0 errors, 2 left on base; Ohio State University 7 - Oklahoma State University 0 |
| BOTTOM OF THE 2ND |
|
Oklahoma State University Cowboys batting - Pitching for Ohio State University Buckeyes : RHP Dan Herwig
|
|
Pitching: RHP Kyle Collins
|
|
|
Batting: LHB Jeff Williams
|
0-0: Ball 1-0: Fly out, F8 (Flyball, 89D, EV 95.6 MPH)
|
|
Batting: RHB Magnus Laursen
|
0-0: Called Strike 0-1: Fly out, F9 (Flyball, 89M, EV 95.6 MPH)
|
|
Batting: LHB Cory Rohr
|
0-0: Ball 1-0: Foul Ball, location: 2F 1-1: Foul Ball, location: 2F 1-2: Ball 2-2: Ball 3-2: Foul Ball, location: 2F 3-2: Base on Balls
|
|
Batting: RHB Rory Cardosi
|
0-0: Ball 1-0: Ball 2-0: Called Strike 2-1: Ball 3-1: Foul Ball, location: 2F 3-2: Foul Ball, location: 2F 3-2: Ground out 5-3 (Groundball, 56, EV 81.9 MPH)
|
| Bottom of the 2nd over - 0 runs, 0 hits, 0 errors, 1 left on base; Ohio State University 7 - Oklahoma State University 0 |
| TOP OF THE 3RD |
|
Ohio State University Buckeyes batting - Pitching for Oklahoma State University Cowboys : RHP Brendan Best
|
|
Batting: RHB David Guillen
|
0-0: Ball 1-0: Foul Ball, location: 2F 1-1: Ball 2-1: Called Strike 2-2: Ball 3-2: Foul Ball, location: 2F 3-2: Fly out, F9 (Line Drive, 9, EV 90.0 MPH)
|
|
Batting: RHB Bo Wu
|
0-0: Ball 1-0: SINGLE (Line Drive, 4D, EV 96.9 MPH)
|
|
Pitching: RHP Rien Klinkenberg
|
|
|
Batting: LHB Ben Callaway
|
0-0: Called Strike Bo Wu steals 2nd base 0-1: Foul Ball, location: 2F 0-2: Ball 1-2: Ball 2-2: Ball 3-2: Ground out 4-3 (Groundball, 4, EV 80.6 MPH) Bo Wu to third
|
|
Batting: LHB Adam Simpson
|
0-0: Swinging Strike 0-1: Ball 1-1: Ball 2-1: Ground out U3 (Groundball, 34S, EV 64.4 MPH)
|
| Top of the 3rd over - 0 runs, 1 hit, 0 errors, 1 left on base; Ohio State University 7 - Oklahoma State University 0 |
| BOTTOM OF THE 3RD |
|
Oklahoma State University Cowboys batting - Pitching for Ohio State University Buckeyes : RHP Kyle Collins
|
|
Batting: RHB Estevan Alvarez
|
0-0: Ball 1-0: Swinging Strike 1-1: Called Strike 1-2: Ball 2-2: Ground out 5-3 (Groundball, 56, EV 106.9 MPH)
|
|
Batting: RHB Bill Tremblett
|
0-0: Ball 1-0: Ball 2-0: Ball 3-0: Base on Balls
|
|
Pitching: RHP Leonidas Panagopoulos
|
|
|
Batting: RHB Simon Gravitt
|
0-0: Called Strike 0-1: Ball 1-1: Swinging Strike 1-2: Ball 2-2: Fly out, F7 (Flyball, 78M, EV 85.0 MPH)
|
|
Batting: LHB Dwayne Roche
|
0-0: Ball Bill Tremblett steals 2nd base 1-0: Called Strike 1-1: Fly out, F9 (Flyball, 89D, EV 98.1 MPH)
|
| Bottom of the 3rd over - 0 runs, 0 hits, 0 errors, 1 left on base; Ohio State University 7 - Oklahoma State University 0 |
| TOP OF THE 4TH |
|
Ohio State University Buckeyes batting - Pitching for Oklahoma State University Cowboys : RHP Rien Klinkenberg
|
|
Batting: RHB Jacob Carrano
|
0-0: SINGLE (Line Drive, 7S, EV 105.0 MPH)
|
|
Batting: LHB Tony Abascal
|
0-0: Ball Jacob Carrano steals 2nd base 1-0: Fly out, F7 (Flyball, 7LM, EV 92.5 MPH)
|
|
Batting: LHB Zach Brandt
|
0-0: Foul Ball, location: 2F 0-1: Called Strike 0-2: Strikes out swinging
|
|
Batting: LHB Anthony Ross
|
0-0: Fly out, F7 (Flyball, 7LM, EV 99.4 MPH)
|
| Top of the 4th over - 0 runs, 1 hit, 0 errors, 1 left on base; Ohio State University 7 - Oklahoma State University 0 |
| BOTTOM OF THE 4TH |
|
Oklahoma State University Cowboys batting - Pitching for Ohio State University Buckeyes : RHP Leonidas Panagopoulos
|
|
Batting: LHB Kyle David
|
0-0: Called Strike 0-1: Ball 1-1: Swinging Strike 1-2: Strikes out swinging
|
|
Batting: LHB Jeff Williams
|
0-0: Ball 1-0: Fly out, F7 (Flyball, 7, EV 91.9 MPH)
|
|
Batting: RHB Magnus Laursen
|
0-0: Ball 1-0: Ball 2-0: Ball 3-0: Base on Balls
|
|
Batting: LHB Cory Rohr
|
0-0: Foul Ball, location: 2F 0-1: Ball 1-1: Ball 2-1: Ground out 4-3 (Groundball, 4, EV 76.9 MPH)
|
| Bottom of the 4th over - 0 runs, 0 hits, 0 errors, 1 left on base; Ohio State University 7 - Oklahoma State University 0 |
| TOP OF THE 5TH |
|
Ohio State University Buckeyes batting - Pitching for Oklahoma State University Cowboys : RHP Rien Klinkenberg
|
|
Batting: RHB Masatoshi Mori
|
0-0: Called Strike 0-1: Foul Ball, location: 2F 0-2: Strikes out swinging
|
|
Batting: RHB David Guillen
|
0-0: Ball 1-0: Ball 2-0: Foul Ball, location: 2F 2-1: Swinging Strike 2-2: SINGLE (Line Drive, 8LS, EV 104.4 MPH)
|
|
Batting: RHB Bo Wu
|
0-0: SINGLE (Line Drive, 4D, EV 95.0 MPH) David Guillen to second
|
|
Batting: LHB Ben Callaway
|
0-0: Ball 1-0: Ball 2-0: Ball 3-0: Called Strike 3-1: Called Strike 3-2: Foul Ball, location: 2F 3-2: Grounds into double play, 6-4-3 (Groundball, 6, EV 82.5 MPH)
|
| Top of the 5th over - 0 runs, 2 hits, 0 errors, 1 left on base; Ohio State University 7 - Oklahoma State University 0 |
| BOTTOM OF THE 5TH |
|
Oklahoma State University Cowboys batting - Pitching for Ohio State University Buckeyes : RHP Leonidas Panagopoulos
|
|
Batting: RHB Rory Cardosi
|
0-0: Ball 1-0: Swinging Strike 1-1: Fly out, F8 (Flyball, 8RD, EV 96.9 MPH)
|
|
Pitching: RHP Andy Hollis
|
|
|
Batting: RHB Estevan Alvarez
|
0-0: Ball 1-0: Ground out U3 (Groundball, 34, EV 81.9 MPH)
|
|
Batting: RHB Bill Tremblett
|
0-0: Called Strike 0-1: Ball 1-1: Foul Ball, location: 2F 1-2: Ball 2-2: Foul Ball, location: 2F 2-2: Foul Ball, location: 2F 2-2: Ground out 6-3 (Groundball, 6, EV 83.8 MPH)
|
| Bottom of the 5th over - 0 runs, 0 hits, 0 errors, 0 left on base; Ohio State University 7 - Oklahoma State University 0 |
| TOP OF THE 6TH |
|
Ohio State University Buckeyes batting - Pitching for Oklahoma State University Cowboys : RHP Rien Klinkenberg
|
|
Batting: LHB Adam Simpson
|
0-0: Ground out U3 (Groundball, 3, EV 100.6 MPH)
|
|
Batting: RHB Jacob Carrano
|
0-0: Swinging Strike 0-1: Swinging Strike 0-2: Foul Ball, location: 2F 0-2: Ball 1-2: Ball 2-2: SINGLE (Groundball, 56D, EV 98.8 MPH)
|
|
Pitching: RHP Santiago Lopez
|
|
|
Batting: LHB Tony Abascal
|
0-0: Ball 1-0: Called Strike Jacob Carrano steals 2nd base 1-1: Ball 2-1: Ball 3-1: Base on Balls
|
|
Batting: LHB Zach Brandt
|
0-0: Ball 1-0: Ball 2-0: Ball 3-0: Called Strike 3-1: Called Strike 3-2: Fly out, F9 (Flyball, 9D, EV 104.4 MPH) Runner from 2nd tags up, SAFE at 3rd, no throw by RF
|
|
Batting: LHB Anthony Ross
|
0-0: Fly out, F9 (Flyball, 9S, EV 81.2 MPH)
|
| Top of the 6th over - 0 runs, 1 hit, 0 errors, 2 left on base; Ohio State University 7 - Oklahoma State University 0 |
| BOTTOM OF THE 6TH |
|
Oklahoma State University Cowboys batting - Pitching for Ohio State University Buckeyes : RHP Andy Hollis
|
|
Batting: RHB Simon Gravitt
|
0-0: Ball 1-0: Fly out, F5 (Popup, 5SF, EV 80.0 MPH)
|
|
Batting: LHB Dwayne Roche
|
0-0: Called Strike 0-1: Swinging Strike 0-2: Foul Ball, location: 2F 0-2: Ground out 5-3 (Groundball, 56, EV 80.0 MPH)
|
|
Batting: LHB Kyle David
|
0-0: Ball 1-0: Ball 2-0: Ball 3-0: Called Strike 3-1: Base on Balls
|
|
Batting: LHB Jeff Williams
|
0-0: Ball 1-0: Called Strike 1-1: Ball 2-1: Foul Ball, location: 2F 2-2: Ball 3-2: Base on Balls Kyle David to second
|
|
Batting: RHB Magnus Laursen
|
0-0: Ball 1-0: Called Strike 1-1: Called Strike 1-2: Foul Ball, location: 2F 1-2: Foul Ball, location: 2F 1-2: Ball 2-2: Ball 3-2: Base on Balls Kyle David to third Jeff Williams to second
|
|
Batting: LHB Cory Rohr
|
0-0: Fly out, F7 (Flyball, 7S, EV 77.5 MPH)
|
| Bottom of the 6th over - 0 runs, 0 hits, 0 errors, 3 left on base; Ohio State University 7 - Oklahoma State University 0 |
| TOP OF THE 7TH |
|
Ohio State University Buckeyes batting - Pitching for Oklahoma State University Cowboys : RHP Santiago Lopez
|
|
Batting: RHB Masatoshi Mori
|
0-0: Ball 1-0: Swinging Strike 1-1: Fly out, F9 (Flyball, 9LS, EV 96.9 MPH)
|
|
Batting: RHB David Guillen
|
0-0: Ball 1-0: Reached on error, E5 (Groundball, 56, EV 83.1 MPH)
|
|
Batting: RHB Bo Wu
|
0-0: Ball 1-0: Foul Ball, location: 2F 1-1: Fielders Choice at 2nd, 3-6 (Groundball, 3, EV 91.2 MPH)
|
|
Batting: LHB Ben Callaway
|
0-0: Ball 1-0: Ball 2-0: Ball 3-0: Called Strike 3-1: Foul Ball, location: 2F 3-2: Foul Ball, location: 2F 3-2: Foul Ball, location: 2F 3-2: Foul Ball, location: 2F 3-2: Foul Ball, location: 2F 3-2: Base on Balls Bo Wu to second
|
|
Pitching: RHP Lisiate Iugini
|
|
|
Batting: LHB Adam Simpson
|
0-0: Called Strike 0-1: Ball 1-1: Ball 2-1: Ball 3-1: Base on Balls Bo Wu to third Ben Callaway to second
|
|
Batting: RHB Jacob Carrano
|
0-0: Called Strike 0-1: Ball 1-1: Ball 2-1: Fly out, F9 (Line Drive, 9D, EV 90.0 MPH)
|
| Top of the 7th over - 0 runs, 0 hits, 1 error, 3 left on base; Ohio State University 7 - Oklahoma State University 0 |
| BOTTOM OF THE 7TH |
|
Oklahoma State University Cowboys batting - Pitching for Ohio State University Buckeyes : RHP Andy Hollis
|
|
Pitching: RHP Bob Rowsell
|
|
|
Batting: RHB Rory Cardosi
|
0-0: Ball 1-0: Ball 2-0: Called Strike 2-1: Foul Ball, location: 2F 2-2: Ball 3-2: Foul Ball, location: 2F 3-2: Foul Ball, location: 2F 3-2: Base on Balls
|
|
Batting: RHB Estevan Alvarez
|
0-0: SINGLE (Groundball, 6D, EV 96.9 MPH) Rory Cardosi to second
|
|
Batting: RHB Bill Tremblett
|
0-0: Ball 1-0: Foul Ball, location: 2F 1-1: Foul Ball, location: 2F 1-2: Ball 2-2: Fly out, F9 (Flyball, 9, EV 86.9 MPH)
|
|
Batting: RHB Simon Gravitt
|
0-0: Ball 1-0: Called Strike 1-1: Ball 2-1: Called Strike 2-2: Foul Ball, location: 2F 2-2: Ball 3-2: Grounds into double play, 6-4-3 (Groundball, 6, EV 103.1 MPH)
|
| Bottom of the 7th over - 0 runs, 1 hit, 0 errors, 1 left on base; Ohio State University 7 - Oklahoma State University 0 |
| TOP OF THE 8TH |
|
Ohio State University Buckeyes batting - Pitching for Oklahoma State University Cowboys : RHP Lisiate Iugini
|
|
Batting: LHB Tony Abascal
|
0-0: Ball 1-0: Called Strike 1-1: Foul Ball, location: 2F 1-2: Ground out U3 (Groundball, 3, EV 90.0 MPH)
|
|
Batting: LHB Zach Brandt
|
0-0: Ball 1-0: Ball 2-0: Swinging Strike 2-1: Ball 3-1: Called Strike 3-2: Fly out, F9 (Flyball, 89S, EV 84.4 MPH)
|
|
Batting: LHB Anthony Ross
|
0-0: Ball 1-0: Ball 2-0: Called Strike 2-1: Foul Ball, location: 2F 2-2: Foul Ball, location: 2F 2-2: Foul Ball, location: 2F 2-2: Fly out, F7 (Flyball, 78D, EV 102.5 MPH)
|
| Top of the 8th over - 0 runs, 0 hits, 0 errors, 0 left on base; Ohio State University 7 - Oklahoma State University 0 |
| BOTTOM OF THE 8TH |
|
Oklahoma State University Cowboys batting - Pitching for Ohio State University Buckeyes : RHP Bob Rowsell
|
|
Pitching: LHP Adrien Leroy
|
|
|
Batting: LHB Dwayne Roche
|
0-0: Ball 1-0: Ball 2-0: Called Strike 2-1: Foul Ball, location: 2F 2-2: SINGLE (Line Drive, 4MD, EV 103.8 MPH)
|
|
Batting: LHB Kyle David
|
0-0: Called Strike 0-1: Foul Ball, location: 2F 0-2: Ball 1-2: Ball 2-2: Ball 3-2: Foul Ball, location: 2F 3-2: Base on Balls Dwayne Roche to second
|
|
Batting: LHB Jeff Williams
|
0-0: Ball 1-0: Called Strike 1-1: Ball 2-1: Fly out, F9 (Flyball, 9, EV 92.5 MPH)
|
|
Batting: RHB Magnus Laursen
|
0-0: Ball 1-0: Ball 2-0: Called Strike 2-1: Ball 3-1: Called Strike 3-2: Fly out, F9 (Flyball, 9D, EV 101.2 MPH) Runner from 2nd tags up, SAFE at 3rd, no throw by RF
|
|
Batting: RHB Jon Guzman
|
0-0: Foul Ball, location: 2F 0-1: Ball 1-1: Fly out, F8 (Flyball, 78S, EV 80.0 MPH)
|
| Bottom of the 8th over - 0 runs, 1 hit, 0 errors, 2 left on base; Ohio State University 7 - Oklahoma State University 0 |
| TOP OF THE 9TH |
|
Ohio State University Buckeyes batting - Pitching for Oklahoma State University Cowboys : RHP Lisiate Iugini
|
|
Pitching: LHP Julian Judge
|
|
|
Batting: RHB Masatoshi Mori
|
0-0: Called Strike 0-1: Foul Ball, location: 2F 0-2: Ball 1-2: Ground out 6-3 (Groundball, 56D, EV 105.0 MPH)
|
|
Batting: RHB David Guillen
|
0-0: Foul Ball, location: 2F 0-1: Ball 1-1: SINGLE (Groundball, 6MD, EV 105.6 MPH)
|
|
Batting: RHB Bo Wu
|
0-0: Ball 1-0: Called Strike 1-1: Fly out, F4 (Line Drive, 4, EV 71.9 MPH)
|
|
Pinch Hitting: RHB Tristan Gimple
|
0-0: Called Strike 0-1: Ball 1-1: Ball 2-1: Foul Ball, location: 2F 2-2: 2-RUN HOME RUN (Line Drive, 78XD, EV 115.0 MPH), Distance : 443 ft
|
|
Batting: LHB Adam Simpson
|
0-0: SINGLE (Flyball, 9S, EV 96.2 MPH)
|
|
Batting: RHB Jacob Carrano
|
0-0: SINGLE (Groundball, 56D, EV 98.1 MPH) Adam Simpson to second
|
|
Batting: LHB Tony Abascal
|
0-0: Fielders Choice at 2nd, 6-4 (Groundball, 6, EV 86.9 MPH)
|
| Top of the 9th over - 2 runs, 4 hits, 0 errors, 2 left on base; Ohio State University 9 - Oklahoma State University 0 |
| BOTTOM OF THE 9TH |
|
Oklahoma State University Cowboys batting - Pitching for Ohio State University Buckeyes : LHP Adrien Leroy
|
|
Now at C: Josh Dinsmore
|
|
|
Batting: RHB Rory Cardosi
|
0-0: Ball 1-0: Ball 2-0: Ball 3-0: Base on Balls
|
|
Batting: RHB Estevan Alvarez
|
0-0: Ball 1-0: Swinging Strike 1-1: Foul Ball, location: 2F 1-2: Fly out, F8 (Flyball, 8RD, EV 95.6 MPH)
|
|
Batting: RHB Bill Tremblett
|
0-0: Ball 1-0: Foul Ball, location: 2F 1-1: Ball 2-1: Foul Ball, location: 2F 2-2: Ball 3-2: SINGLE (Groundball, 34D, EV 100.0 MPH) Rory Cardosi to second
|
|
Batting: RHB Simon Gravitt
|
0-0: Fly out, F7 (Flyball, 7LM, EV 99.4 MPH)
|
|
Batting: LHB Dwayne Roche
|
0-0: Ball 1-0: Foul Ball, location: 2F 1-1: Fly out, F7 (Flyball, 78D, EV 106.2 MPH)
|
| Bottom of the 9th over - 0 runs, 1 hit, 0 errors, 2 left on base; Ohio State University 9 - Oklahoma State University 0 |
|